 Dungeon Crawl Stone Soup version 0.28-a0-381-g937acc2988 (webtiles) character file.

Game seed: 11793819447737635605

4312 Thantalas the Conjurer (level 10, -4/86 HPs)
             Began as a Grey Draconian Conjurer on Sept 1, 2021.
             Was a Believer of Vehumet.
             Engulfed by a cloud of flame (16 damage)
             ... on level 8 of the Dungeon.
             The game lasted 00:28:12 (8210 turns).

Thantalas the Conjurer (Grey Draconian Conjurer)    Turns: 8210, Time: 00:28:12

Health: -4/86      AC: 14    Str: 10    XL:     10   Next: 11%
Magic:  2/19       EV: 15    Int: 22    God:    Vehumet [**....]
Gold:   427        SH:  5    Dex: 15    Spells: 10/21 levels left

rFire   . . .      SeeInvis .   a - +4 hand axe (freeze)
rCold   . . .      Faith    .   (no shield)
rNeg    . . .      Spirit   .   (armour unavailable)
rPois   .          Reflect  +   (helmet restricted)
rElec   .          Harm     .   y - +0 cloak
rCorr   .          Rampage  .   d - +0 pair of gloves
Will    .....                   (no boots)
Stlth   ++........              l - amulet of reflection
HPRegen 0.24/turn               m - ring of wizardry
MPRegen 0.16/turn               A - +6 ring of dexterity

@: marked
A: AC +12, amphibious, unfitting armour, cold-blooded
a: Renounce Religion


You were on level 8 of the Dungeon.
You worshipped Vehumet.
Vehumet was pleased with you.
You visited 2 branches of the dungeon, and saw 9 of its levels.

You collected 427 gold pieces.

Inventory:

Hand Weapons
 a - a +4 hand axe of freezing (weapon)
Missiles
 h - 33 poisoned darts (quivered)
 u - 83 stones
Armour
 d - a +0 pair of gloves (worn)
 y - a +0 cloak (worn)
Jewellery
 l - an amulet of reflection (around neck)
 m - a ring of wizardry (left hand)
 s - an amulet of regeneration
 A - a +6 ring of dexterity (right hand)
Wands
 b - a wand of digging (6)
 j - a wand of flame (20)
 n - a wand of iceblast (17)
Scrolls
 p - a scroll of blinking {unknown}
 q - 2 scrolls of enchant armour
 r - a scroll of acquirement {unknown}
 t - 2 scrolls of fear {unknown}
 v - 3 scrolls of immolation {unknown}
 w - a scroll of noise {unknown}
 x - a scroll of enchant weapon {unknown}
Potions
 c - a potion of lignification {unknown}
 e - a potion of flight {unknown}
 f - 3 potions of curing
 g - a potion of resistance {unknown}
 i - a potion of magic
 k - 2 potions of haste
 o - 2 potions of might
 z - a potion of mutation {unknown}


   Skills:
 + Level 7.3 Fighting
 + Level 6.4 Dodging
 - Level 1.7 Stealth
 + Level 6.4 Spellcasting
 + Level 7.9 Conjurations
 + Level 1.3 Hexes
 + Level 1.4 Translocations
 + Level 1.5 Fire Magic
 + Level 5.4 Earth Magic


You had 10 spell levels left.
You knew the following spells:

 Your Spells              Type           Power      Damage    Failure   Level
s - Inner Flame           Hex/Fire       13%        N/A       6%          3
u - Sandblast             Erth           60%        2d14      1%          1
A - Magic Dart            Conj           100%       1d8       1%          1
B - Searing Ray           Conj           84%        3d6       1%          2
C - Iskenderun's Mystic   Conj/Tloc      27%        2d7       4%          4

Your spell library contained the following spells:

 Spells                   Type           Power      Damage    Failure   Level
 Freeze                   Ice            28%        1d5       3%          1
 Foxfire                  Conj/Fire      100%       2x1d9     1%          1
 Conjure Flame            Conj/Fire      28%        6-21      1%          3
 Dazzling Flash           Conj/Hex       54%        N/A       1%          3
 Mephitic Cloud           Conj/Pois/Air  18%        N/A       3%          3
 Call Imp                 Summ           7%         N/A       5%          2
 Fulminant Prism          Conj/Hex       13%        3d9       5%          4


Dungeon Overview and Level Annotations

Branches:
Dungeon (8/15)             Temple (1/1) D:4
   Lair: D:8-11

Altars:
Ashenzari
Dithmenos
Elyvilon
Fedhas
Gozag
Hepliaklqana
Makhleb
Nemelex Xobeh
Okawaru
Ru
Sif Muna
Trog
Uskayaw
Vehumet
Wu Jian
Xom
The Shining One

Shops:
D:3 (

Annotations:
D:8 Harold


Innate Abilities, Weirdness & Mutations

Your dull iron-grey scales are very hard. (AC +12)
You are amphibious.
You cannot fit into any form of body armour.
You are cold-blooded and may be slowed by cold attacks.


Message History

You take 16 damage, and have 70/86 hp.
Casting: Iskenderun's Mystic Blast (dangerous; 4% risk of failure)
Confirm with . or Enter, or press ? or * to list all spells.
Aiming: Searing Ray (safe; 1% risk of failure)
Press: ? - help, Shift-Dir - straight line, f - Harold
Aim: Harold, wielding a +0 mace and wearing a +2 chain mail of poison resistance (inner flame, 91% to hit)
The searing ray hits Harold.
Flame seeps out of Harold.
Harold is lightly wounded. (Press . to maintain the ray.)
You are engulfed in blazing flames.
Harold is engulfed in blazing flames.
Flame seeps out of Harold.
You take 20 damage, and have 50/86 hp.
The searing ray misses Harold.
You are engulfed in blazing flames.
Low HP: Be careful! (Y or N to confirm.) [Y]es or [N]o only, please.
Low HP: Be careful! (Y or N to confirm.) [Y]es or [N]o only, please.
Low HP: Be careful! (Y or N to confirm.) [Y]es or [N]o only, please.
Low HP: Be careful! (Y or N to confirm.) Consider to using tele/blink, potion or other emergency measures......
You take 17 damage, and have 33/86 hp.
You tear a large gash into the net.
You are engulfed in blazing flames.
* * * LOW HITPOINT WARNING * * *
You take 9 damage, and have 24/86 hp.
You struggle against the net.
You are engulfed in blazing flames.
* * * LOW HITPOINT WARNING * * *
You take 7 damage, and have 17/86 hp.
You shred the net and break free!
You are engulfed in blazing flames.
* * * LOW HITPOINT WARNING * * *
Harold pauses a moment, imagining something with a smile on his face.
Harold casts a spell at you. A sentinel's mark forms upon you.
You take 10 damage, and have 7/86 hp.
Okay, then.
Casting: Searing Ray (safe; 1% risk of failure)
Confirm with . or Enter, or press ? or * to list all spells.
You don't have enough magic to cast this spell.
You feel better.
You are engulfed in blazing flames.
You die...

#.....(. #(..... #....(
#.... #####... #.
#...§.§# ## #.. #...§@§#
.# #... #....@§## #.#
#... #.......# #.# ...
#######.# #.# #....>
#.####.## #.#...
#.......# #.....
#########.#.# #....
..#.....###.#.### ...#
..........##.....####.#
............####........


You could see Harold (inner flame).

Vanquished Creatures
  A two-headed ogre (D:8)
  Joseph (D:7)
  Maurice (D:7)
  4 yaks
  An acid dragon (D:7)
  2 orc warriors
  2 black bears
  A hornet zombie (D:8)
  2 necrophages
  An ogre (D:4)
  3 kobold brigands
  A bullfrog (D:8)
  2 water moccasin zombies
  A scorpion (D:5)
  A water moccasin skeleton (D:5)
  10 killer bees
  A howler monkey (D:8)
  A centaur zombie (D:8)
  2 hounds
  2 jellies
  2 centaur skeletons
  An orc priest (D:6)
  3 iguanas
  A bullfrog skeleton (D:6)
  4 orc wizards
  A killer bee zombie (D:7)
  3 gnolls (D:5)
  8 adders
  2 shadow imps
  A white imp (D:8)
  2 ufetubi
  31 orcs
  2 ball pythons (D:3)
  9 bats
  8 endoplasms
  2 giant cockroaches
  11 goblins
  5 hobgoblins
  A jackal (D:3)
  3 quokkas
  A frilled lizard (D:1)
  13 kobolds
  5 rats
159 creatures vanquished.

Notes
Turn   | Place    | Note
-------+----------+-------------------------------------------
     0 | D:1      | Thantalas the Draconian Conjurer began the quest for the
                  | Orb.
     0 | D:1      | Reached XP level 1. HP: 14/14 MP: 3/3
   177 | D:1      | Found a faded altar of an unknown god.
   327 | D:1      | Reached XP level 2. HP: 22/22 MP: 1/5
   372 | D:1      | Learned a level 2 spell: Searing Ray
   614 | D:1      | Reached skill level 1 in Fighting
  2090 | D:3      | Reached XP level 3. HP: 28/28 MP: 4/6
  2292 | D:3      | Reached XP level 4. HP: 31/36 MP: 1/7
  2511 | D:3      | Noticed a necrophage
  2518 | D:3      | Killed a necrophage
  2519 | D:3      | Reached XP level 5. HP: 42/42 MP: 0/9
  2997 | D:3      | Found Pitt's Weapon Boutique.
  3318 | D:4      | Reached skill level 5 in Conjurations
  3623 | D:4      | Found a shadowy altar of Dithmenos.
  3636 | D:4      | Found a staircase to the Ecumenical Temple.
  3659 | Temple   | Entered the Ecumenical Temple
  3785 | Temple   | Became a worshipper of Vehumet
  4161 | D:5      | Entered Level 5 of the Dungeon
  4161 | D:5      | Noticed an ogre
  4161 | D:5      | Noticed an orc warrior
  4163 | D:5      | Reached XP level 6. HP: 51/51 MP: 10/10
  4418 | D:5      | Killed an orc warrior
  4419 | D:5      | Your scales start taking on a dull iron-grey colour.
  4419 | D:5      | Reached XP level 7. HP: 21/58 MP: 8/12
  4789 | D:5      | Found a sparkling altar of Nemelex Xobeh.
  5436 | D:5      | Reached XP level 8. HP: 67/67 MP: 8/15
  5500 | D:5      | Reached skill level 5 in Fighting
  5734 | D:6      | Reached * piety under Vehumet
  5734 | D:6      | Offered knowledge of Sandblast by Vehumet.
  5738 | D:6      | Learned a level 1 spell: Sandblast
  6124 | D:6      | Reached skill level 1 in Earth Magic
  6129 | D:6      | Reached skill level 5 in Spellcasting
  6179 | D:6      | Reached skill level 5 in Dodging
  6999 | D:7      | Reached XP level 9. HP: 71/75 MP: 11/17
  7080 | D:7      | Learned a level 3 spell: Inner Flame
  7085 | D:7      | Learned a level 4 spell: Iskenderun's Mystic Blast
  7176 | D:7      | Noticed Joseph
  7188 | D:7      | Killed Joseph
  7630 | D:8      | Noticed a two-headed ogre
  7645 | D:8      | Killed a two-headed ogre
  7668 | D:7      | Offered knowledge of Freeze by Vehumet.
  7671 | D:7      | Reached ** piety under Vehumet
  7781 | D:8      | Noticed Maurice
  7790 | D:7      | Killed Maurice
  7791 | D:7      | Reached skill level 1 in Translocations
  7791 | D:7      | Reached skill level 1 in Fire Magic
  7791 | D:7      | Reached skill level 5 in Earth Magic
  7793 | D:7      | Reached skill level 1 in Hexes
  7880 | D:8      | Reached XP level 10. HP: 75/86 MP: 13/19
  8195 | D:8      | Noticed Harold
  8210 | D:8      | Engulfed by a cloud of flame

Illustrated notes

Levels and vault maps discovered:
D:1:      dpeg_chamrin_arrival_tetris, layout_loops_corners,
          dilly_ecumenical_altar_fadedgnrine
D:2:      layout_loops_ring
D:3:      layout_basic, serial_shops, shop, minmay_guardbox
D:4:      layout_loops_ring, nicolae_dithmenos_through_a_glass_darkly,
          minmay_temple_entry_mist
D:5:      layout_rooms, nemelex_diamond_rough_becter, hangedman_minor_gate_pass
D:6:      layout_basic
D:7:      layout_cave_pools, nrook_loot_triangle, minmay_fountain_box,
          lightli_orcish_oven, uniq_joseph
D:8:      layout_rooms, uniq_maurice, uniq_harold
Temple:   regret_index_temple_generic_petals

Skill      XL: |  1  2  3  4  5  6  7  8  9 |
---------------+----------------------------+-----
Dodging        | 2 3 4 5 6 |  6.4
Fighting       | 1 2 3 4 6 7 |  7.3
Spellcasting   | 3 4 5 6 |  6.4
Conjurations   | 5 6 7 |  7.9
Earth Magic    | 3 5 |  5.4
Translocations | 1 |  1.4
Fire Magic     | 1 |  1.5
Hexes          | 1 |  1.3
Stealth        | |  1.7

Action                   |  1- 3 |  4- 6 |  7- 9 | 10-12 || total
-------------------------+-------+-------+-------+-------++-------
Melee: Whip              |    20 |    22 |       |       ||    42
       Tailslap          |     2 |     1 |     1 |       ||     4
       Hand axe          |       |       |    10 |       ||    10
Throw: Dart              |     8 |    12 |    31 |     2 ||    53
 Cast: Magic Dart        |    41 |    23 |    29 |     2 ||    95
       Searing Ray       |     4 |    12 |    37 |     4 ||    57
       Sandblast         |       |       |    26 |     9 ||    35
       Iskenderun's Myst |       |       |     8 |     1 ||     9
       Inner Flame       |       |       |     3 |     3 ||     6
Evoke: Wand              |       |     4 |     6 |       ||    10
  Use: Scroll            |     3 |     2 |     3 |     1 ||     9
       Potion            |       |       |     1 |     1 ||     2
Armor: Skin              |    11 |    21 |    18 |     5 ||    55
Dodge: Dodged            |    24 |    40 |    42 |     6 ||   112
Block: Other             |     5 |    18 |    18 |     3 ||    44
       Reflection        |       |       |     6 |       ||     6

Table legend: (Time is in decaauts)
 A = Elapsed time spent in this place.
 B = Non-inter-level travel time spent in this place.
 C = Inter-level travel time spent in this place.
 D = Time resting spent in this place.
 E = Time spent auto-exploring this place.
 F = Levels seen in this place.
 G = Mean time per level.
                   A        B        C        D        E       F      G
               +--------+--------+--------+--------+--------+-----+--------+
         Total |   8224 |   7897 |    327 |   1898 |   5021 |   9 |  913.8 |
       Dungeon |   7997 |   7683 |    314 |   1898 |   4820 |   8 |  999.6 |
        Temple |    226 |    213 |     13 |      0 |    201 |   1 |  226.0 |
               +--------+--------+--------+--------+--------+-----+--------+

Top non-repeatable levels by time:
     D:1: 1332 daAuts
     D:4: 1183 daAuts
     D:7: 1121 daAuts
     D:3: 1108 daAuts
     D:5: 1090 daAuts
     D:6: 1029 daAuts
     D:2: 750 daAuts
     D:8: 381 daAuts
  Temple: 226 daAuts
